 Dungeon Crawl Stone Soup version 0.31-a0-180-g519b7de00c (webtiles) character file.

Game seed: 11509341684577213165

56 Maxmaps the Slasher (level 3, -2/27 HPs)
             Began as a Demonspawn Gladiator on June 19, 2023.
             Slain by a gnoll
             ... wielding a +0 halberd
              (9 damage)
             ... on level 2 of the Dungeon.
             The game lasted 00:02:51 (1344 turns).

Maxmaps the Slasher (Demonspawn Gladiator)          Turns: 1344, Time: 00:02:51

Health: -2/27      AC:  6    Str: 20    XL:     3   Next: 71%
Magic:  3/3        EV: 11    Int: 11    God:
Gold:   19         SH:  0    Dex: 14    Spells: 2/2 levels left

rFire   . . .        a - +0 long sword
rCold   . . .        (no shield)
rNeg    . . .        n - +0 ring mail
rPois   .            c - +0 helmet
rElec   .            (no cloak)
rCorr   .            (no gloves)
SInv    .            (no boots)
Will    .....        (no amulet)
Stlth   +            j - +6 ring of strength
HPRegen 0.24/turn    (no ring)
MPRegen 0.08/turn

%: no passive effects
@: no status effects
A: demonic guardian 1
a: no special abilities


You were on level 2 of the Dungeon.
You visited 1 branch of the dungeon, and saw 2 of its levels.

You collected 19 gold pieces.

Inventory:

Hand Weapons
 a - a +0 long sword (weapon)
Missiles
 d - 3 throwing nets (quivered)
 e - a javelin
Armour
 b - a +0 leather armour
 c - a +0 helmet (worn)
 n - a +0 ring mail (worn)
Jewellery
 j - a +6 ring of strength (left hand)
Wands
 l - a wand of flame (18)
Scrolls
 g - 3 scrolls of identify {unknown}
 h - a scroll of enchant weapon {unknown}
 i - a scroll of enchant armour {unknown}
 p - a scroll of amnesia {unknown}
Potions
 f - a potion of might {unknown}
 k - 2 potions of heal wounds {unknown}
 m - a potion of ambrosia {unknown}
 o - a potion of brilliance {unknown}


   Skills:
 - Level 2.0 Fighting
 + Level 4.3 Long Blades
 - Level 1.7 Throwing
 - Level 2.6 Dodging


You had 2 spell levels left.
You didn't know any spells.
Your spell library was empty.

Dungeon Overview and Level Annotations

Branches:
Dungeon (2/15)

Altars:
Kikubaaqudgha


Innate Abilities, Weirdness & Mutations

A weak demonic guardian rushes to your aid.


Message History

The gnoll barely misses you.
You barely miss the jackal. The jackal barely misses you.
The gnoll hits you from afar with a +0 halberd!
The jackal bites you but does no damage.
You barely miss the jackal. The jackal barely misses you.
The gnoll barely misses you.
You barely miss the jackal. The jackal misses you.
The gnoll hits you but does no damage.
The jackal bites you but does no damage.
You slash the jackal!
You kill the jackal!
The gnoll hits you from afar with a +0 halberd!
* * * LOW HITPOINT WARNING * * *
The gnoll barely misses you.
You are too injured to fight recklessly!
You are too injured to fight recklessly!
You are too injured to fight recklessly!
You are too injured to fight recklessly!
You are too injured to fight recklessly!
You are too injured to fight recklessly!
You are too injured to fight recklessly!
You are too injured to fight recklessly!
You are too injured to fight recklessly!
You are too injured to fight recklessly!
You are too injured to fight recklessly!
The gnoll misses you.
There is an open door here.
You see here a jackal corpse.
Unknown command.
You slash the gnoll!
The gnoll is severely wounded.
The gnoll misses you.
You hit the gnoll but do no damage.
The gnoll is severely wounded.
The gnoll hits you with a +0 halberd.
* * * LOW HITPOINT WARNING * * *
You closely miss the gnoll.
The gnoll is severely wounded.
The gnoll hits you with a +0 halberd!
You die...

...........# ##.......#.
........#.## ##..#.....
........#..# #..#.....
##########......####..#.#...
#.........#..##...##..#.....
#....(.....######.##..#.#.#.
#..........# #......#)#...
#.........P#+#+##.###...###.
#..........@...##....>_.###.
######...[.....P#g..########.....
................#...#...# ######
#####..........#######.#########
#...............................
#.......########.<####.########.
##.......########..# #.# #.
##......###........####.########.
.#......# #...........#..........


You could see a gnoll.

Vanquished Creatures
  An adder (D:2)
  A worm (D:2)
  A dart slug (D:1)
  A bat (D:2)
  An endoplasm (D:1)
  4 giant cockroaches
  A goblin (D:1)
  8 hobgoblins
  2 jackals (D:2)
  3 quokkas
  3 ball pythons
  5 frilled lizards
  5 kobolds
  A rat (D:2)
37 creatures vanquished.

Notes
Turn   | Place    | Note
-------+----------+-------------------------------------------
     0 | D:1      | Maxmaps the Demonspawn Gladiator began the quest for the
                  | Orb.
     0 | D:1      | Reached XP level 1. HP: 16/16 MP: 1/1
   111 | D:1      | Reached skill level 3 in Long Blades
   208 | D:1      | Gained mutation: A weak demonic guardian rushes to your
                  | aid. [demonic ancestry]
   208 | D:1      | Reached XP level 2. HP: 17/22 MP: 2/2
   826 | D:2      | Found a faded altar of an unknown god.
   840 | D:2      | Reached XP level 3. HP: 27/27 MP: 3/3
   921 | D:2      | Reached skill level 4 in Long Blades
  1102 | D:2      | Found an ancient bone altar of Kikubaaqudgha.
  1344 | D:2      | Slain by a gnoll

Illustrated notes

Levels and vault maps discovered:
D:1:      roderic_dead_forest, layout_basic, kennysheep_nondescript
D:2:      layout_basic, basic_altar, basic_ecumenical_altar,
          cheibrodos_gnoll_hut

Skill      XL: |  1  2  3 |
---------------+----------+-----
Long Blades    | 3 4 |  4.3
Fighting       | |  2.0
Throwing       | |  1.7
Dodging        | |  2.6

Action                     || total
---------------------------++-------
  Melee: Long sword        ||   127
 Armour: Leather armour    ||    32
         Ring mail         ||    20
  Dodge: Dodged            ||    97

Table legend: (Time is in decaauts)
 A = Elapsed time spent in this place.
 B = Non-inter-level travel time spent in this place.
 C = Inter-level travel time spent in this place.
 D = Time resting spent in this place.
 E = Time spent auto-exploring this place.
 F = Levels seen in this place.
 G = Mean time per level.
                   A        B        C        D        E       F      G
               +--------+--------+--------+--------+--------+-----+--------+
         Total |   1371 |   1340 |     31 |     62 |    981 |   2 |  685.5 |
       Dungeon |   1371 |   1340 |     31 |     62 |    981 |   2 |  685.5 |
               +--------+--------+--------+--------+--------+-----+--------+

Top non-repeatable levels by time:
     D:1: 782 daAuts
     D:2: 589 daAuts
